 Dungeon Crawl Stone Soup version 0.28-a0-258-g8de209e91f (webtiles) character file.

Game seed: 8088912931451356365

20143 theanonym the Grappler (level 12, -6/184 HPs)
             Began as a Troll Fighter on Aug 26, 2021.
             Mangled by a 15-headed hydra (9 damage)
             ... on level 2 of the Lair of Beasts.
             The game lasted 00:15:28 (10903 turns).

theanonym the Grappler (Troll Fighter)             Turns: 10903, Time: 00:15:28

Health: -6/184     AC: 15    Str: 31    XL:     12   Next: 42%
Magic:  11/11      EV:  9    Int:  4    God:
Gold:   1262       SH:  9    Dex:  9    Spells: 11/11 levels left

rFire   . . .      SeeInvis .     - Unarmed
rCold   . . .      Faith    .   b - +0 kite shield
rNeg    . . .      Spirit   .   x - +0 acid dragon scales
rPois   .          Reflect  .   B - +2 hat
rElec   .          Harm     .   C - +0 cloak
rCorr   +          Rampage  .   (gloves unavailable)
Will    .....                   (boots unavailable)
Stlth   ..........              k - amulet of the acrobat
HPRegen 1.40/turn               d - ring of Zeshrousoa {rCorr Slay+5 Stlth-}
MPRegen 0.12/turn               u - +4 ring of protection

@: berserking, very quick
A: large, unfitting armour, claws 3, regeneration 1, shaggy fur 1, tough skin 1
a: no special abilities


Innate Abilities, Weirdness & Mutations

You are too large for most types of armour.
You have claws for hands.
Your natural rate of healing is unusually fast.
You are covered in fur. (AC +1)
You have tough skin. (AC +1)


   Skills:
 + Level 9.3 Fighting
 - Level 2.4 Dodging
 + Level 8.9 Shields
 * Level 14.4 Unarmed Combat


You had 11 spell levels left.
You didn't know any spells.
Your spell library contained the following spells:

 Spells                   Type           Power      Damage    Failure   Level
 Animate Skeleton         Necr           0%         N/A       56%         1
 Beastly Appendage        Tmut           0%         N/A       56%         1
 Pain                     Necr           0%         1d4       56%         1
 Sting                    Tmut/Pois      0%         1d3       56%         1
 Passwall                 Tmut/Erth      0%         N/A       71%         2
 Poisonous Vapours        Pois/Air       0%         N/A       71%         2
 Wereblood                Tmut           0%         N/A       71%         2
 Call Canine Familiar     Summ           0%         N/A       90%         3
 Dazzling Flash           Conj/Hex       0%         N/A       90%         3
 Gell's Gravitas          Tloc           0%         N/A       90%         3
 Portal Projectile        Hex/Tloc       0%         N/A       90%         3
 Spider Form              Tmut/Pois      0%         N/A       90%         3
 Swiftness                Air            0%         N/A       90%         3
 Teleport Other           Tloc           0%         N/A       90%         3
 Vampiric Draining        Necr           0%         2d6       90%         3
 Iskenderun's Mystic Bla  Conj/Tloc      0%         2d3       100%        4
 Leda's Liquefaction      Hex/Erth       0%         N/A       100%        4
 Olgreb's Toxic Radiance  Pois           0%         N/A       100%        4
 Dispersal                Tloc           0%         N/A       100%        6
 Invisibility             Hex            0%         N/A       100%        6
 Starburst                Conj/Fire      0%         6d3       100%        6

Skill      XL: |  1  2  3  4  5  6  7  8  9 10 11 12 |
---------------+-------------------------------------+-----
Unarmed Combat | 3 4 5 7 8 10 12 13 14 | 14.4
Fighting       | 3 4 5 6 7 8 9 |  9.3
Shields        | 3 4 6 7 8 |  8.9
Dodging        | |  2.4

Action                   |  1- 3 |  4- 6 |  7- 9 | 10-12 || total
-------------------------+-------+-------+-------+-------++-------
Melee: Unarmed           |    84 |   190 |   261 |   373 ||   908
Throw: Throwing net      |       |       |     1 |       ||     1
       Large rock        |       |       |       |     2 ||     2
Evoke: Wand              |       |       |       |    19 ||    19
  Use: Scroll            |       |     7 |     5 |     5 ||    17
       Potion            |       |       |     1 |     1 ||     2
 Stab: Paralysed         |       |       |       |     7 ||     7
Armor: Robe              |    32 |    63 |    62 |       ||   157
       Acid dragon scale |       |       |    11 |   162 ||   173
Dodge: Dodged            |    33 |    69 |   101 |   158 ||   361
Block: Kite shield       |    32 |    80 |    99 |   175 ||   386

Inventory:

Armour
 b - a +0 kite shield (worn)
 x - +0 acid dragon scales (worn)
 B - a +2 hat (worn)
 C - a +0 cloak (worn)
Magical Staves
 a - a staff of poison
 j - a staff of air
Jewellery
 d - the ring of Zeshrousoa (left claw) {rCorr Slay+5 Stlth-}

   [ring of resist corrosion]

   Slay:      It affects your accuracy & damage with ranged weapons and melee
   (+5).
   rCorr:     It protects you from acid and corrosion.
   Stlth:     It makes you less stealthy.
 k - an amulet of the acrobat (around neck)
 u - a +4 ring of protection (right claw)
 A - a ring of resist corrosion
Wands
 g - a wand of flame (62)
 o - a wand of paralysis (13)
 v - a wand of acid (10)
 G - a wand of iceblast (17)
Scrolls
 f - 3 scrolls of teleportation {unknown}
 i - a scroll of immolation {unknown}
 p - 4 scrolls of magic mapping {unknown}
 s - a scroll of enchant weapon
 y - 3 scrolls of vulnerability {unknown}
Potions
 c - 3 potions of invisibility
 e - 2 potions of degeneration
 h - 3 potions of haste
 l - a potion of attraction
 m - 4 potions of might
 n - 5 potions of flight
 q - 3 potions of heal wounds
 r - a potion of resistance {unknown}
 w - 2 potions of curing
 z - 2 potions of mutation
 D - a potion of cancellation
 E - a potion of lignification {unknown}
 F - 2 potions of ambrosia


You were on level 2 of the Lair of Beasts.
You visited 2 branches of the dungeon, and saw 15 of its levels.

You collected 1322 gold pieces.
You spent 60 gold pieces at shops.

Dungeon Overview and Level Annotations

Branches:
Dungeon (12/15)            Temple (0/1) D:7            Lair (3/6) D:11
  Swamp: Lair:2-4    Shoals: Lair:2-4     Snake: Lair:2-4    Spider: Lair:2-4
    Orc: D:9-12

Altars:
Elyvilon
Kikubaaqudgha
Makhleb
Qazlal
Uskayaw
Xom
Zin
The Shining One

Shops:
D:7 !

Annotations:
D:5 2 runed translucent doors, bmj180's ghost, amateur DrCj
D:12 Frances
Lair:1 2 transporters, toffzen's ghost, journeyman DjWz

####
#..################
#..##.....##.#P##.#
#.................#♣
#..@...............♣
#...D...............
#................†.♣
#...............>..♣
#.................[♣
#...................
#..................♣
#.........##.......♣
#..................♣


You could see a 15-headed hydra.

Notes
Turn   | Place    | Note
-------+----------+-------------------------------------------
     0 | D:1      | theanonym the Troll Fighter began the quest for the Orb.
     0 | D:1      | Reached XP level 1. HP: 22/22 MP: 0/0
   235 | D:1      | Reached XP level 2. HP: 29/29 MP: 1/1
   624 | D:1      | Found a faded altar of an unknown god.
   693 | D:1      | Reached skill level 3 in Unarmed Combat
   887 | D:1      | HP: 5/29 [something (24)]
   912 | D:1      | HP: 3/29 [something (19)]
   961 | D:2      | Reached XP level 3. HP: 33/36 MP: 2/2
   987 | D:2      | Reached skill level 3 in Fighting
   990 | D:2      | Reached XP level 4. HP: 45/45 MP: 3/3
  1132 | D:2      | Reached skill level 4 in Unarmed Combat
  1464 | D:3      | Reached XP level 5. HP: 50/53 MP: 4/4
  1617 | D:3      | Found a burning altar of Makhleb.
  1617 | D:3      | Found a stormy altar of Qazlal.
  1752 | D:3      | Reached skill level 5 in Unarmed Combat
  2087 | D:3      | Reached XP level 6. HP: 56/62 MP: 5/5
  2100 | D:3      | Found a hide-covered altar of Uskayaw.
  2210 | D:4      | Identified a scroll of acquirement
  2210 | D:4      | Acquired the ring of Zeshrousoa {rCorr Slay+5 Stlth-}
  2294 | D:4      | Reached skill level 3 in Shields
  2295 | D:4      | HP: 27/62 [iguana (10)]
  2297 | D:4      | Reached skill level 4 in Fighting
  2471 | D:4      | Found a glowing golden altar of the Shining One.
  2546 | D:4      | Found an ancient bone altar of Kikubaaqudgha.
  2806 | D:4      | Reached XP level 7. HP: 70/70 MP: 6/6
  3099 | D:5      | Entered Level 5 of the Dungeon
  3099 | D:5      | Found a runed translucent door.
  3112 | D:4      | HP: 19/70 [orc warrior (18)]
  3160 | D:4      | Reached skill level 6 in Unarmed Combat
  3445 | D:5      | HP: 32/71 [ice beast (11)]
  3448 | D:5      | Reached skill level 7 in Unarmed Combat
  3487 | D:5      | Found a runed translucent door.
  3489 | D:5      | Noticed bmj180's ghost (amateur DrCj)
  3625 | D:5      | Reached skill level 4 in Shields
  3625 | D:5      | Reached XP level 8. HP: 67/79 MP: 7/7
  3880 | D:6      | Reached skill level 5 in Fighting
  3934 | D:6      | Reached skill level 8 in Unarmed Combat
  3937 | D:6      | HP: 26/80 [ogre (33)]
  4023 | D:6      | Found a glowing silver altar of Zin.
  4465 | D:7      | Found Hayhaus's Distillery.
  4466 | D:7      | Found a staircase to the Ecumenical Temple.
  4480 | D:7      | HP: 40/81 [howler monkey (6)]
  4483 | D:6      | HP: 19/81 [ogre (21)]
  4486 | D:6      | Reached XP level 9. HP: 23/88 MP: 8/8
  4487 | D:6      | Reached skill level 5 in Shields
  4612 | D:7      | Reached skill level 9 in Unarmed Combat
  4665 | D:7      | Bought a potion of berserk rage for 60 gold pieces
  4733 | D:7      | Acquired a +4 ring of protection
  4881 | D:7      | Reached skill level 6 in Fighting
  5279 | D:7      | Identified the +1 long sword of Pinet {speed, rElec}
  5324 | D:8      | Reached skill level 10 in Unarmed Combat
  5700 | D:9      | Acquired 545 gold pieces
  5903 | D:9      | Noticed a troll
  5912 | D:9      | Killed a troll
  5913 | D:9      | Reached skill level 6 in Shields
  6165 | D:9      | Reached XP level 10. HP: 69/100 MP: 9/9
  6375 | D:10     | Entered Level 10 of the Dungeon
  6530 | D:10     | Reached skill level 11 in Unarmed Combat
  6563 | D:10     | Reached skill level 7 in Fighting
  6674 | D:10     | Paralysed by a hornet for 3 turns
  6814 | D:10     | Acquired a +2 hat
  6909 | D:10     | Noticed a gargoyle
  6913 | D:10     | Killed a gargoyle
  7018 | D:10     | Noticed a two-headed ogre
  7052 | D:10     | Killed a two-headed ogre
  7065 | D:10     | Found a white marble altar of Elyvilon.
  7488 | D:11     | Noticed a cyclops
  7494 | D:11     | Killed a cyclops
  7495 | D:11     | Reached skill level 7 in Shields
  7510 | D:11     | Reached skill level 12 in Unarmed Combat
  7511 | D:11     | Noticed an eight-headed hydra
  7522 | D:11     | HP: 49/102 [eight-headed hydra (7)]
  7523 | D:11     | HP: 20/102 [eight-headed hydra (6)]
  7524 | D:11     | Killed an eight-headed hydra
  7525 | D:11     | Reached XP level 11. HP: 21/110 MP: 10/10
  7730 | D:11     | Found a staircase to the Lair.
  7820 | D:11     | Reached skill level 8 in Fighting
  8277 | D:12     | Noticed Frances
  8321 | D:12     | Noticed a sun demon
  8322 | D:12     | HP: 40/111 [sun demon[Frances] (19)]
  8323 | D:12     | HP: 18/111 [Frances (23)]
  8450 | Lair:1   | Entered Level 1 of the Lair of Beasts
  8510 | D:11     | Reached skill level 13 in Unarmed Combat
  8587 | Lair:1   | Reached skill level 8 in Shields
  8857 | Lair:1   | Found a transporter.
  8859 | Lair:1   | Found a transporter.
  8860 | Lair:1   | Noticed toffzen's ghost (journeyman DjWz)
  9493 | Lair:2   | Noticed a catoblepas
  9853 | Lair:2   | Reached XP level 12. HP: 97/122 MP: 11/11
  9889 | Lair:2   | HP: 60/122 [cane toad (7)]
  9894 | Lair:2   | HP: 31/122 [poisoned by a cane toad]
  9899 | Lair:2   | HP: 21/122 [poisoned by a cane toad]
  9904 | Lair:2   | HP: 23/122 [poisoned by a cane toad]
 10035 | Lair:2   | Noticed a five-headed hydra
 10042 | Lair:2   | Killed a five-headed hydra
 10043 | Lair:2   | Reached skill level 9 in Fighting
 10158 | Lair:2   | Reached skill level 14 in Unarmed Combat
 10199 | Lair:2   | Noticed a death yak
 10210 | Lair:2   | Killed a death yak
 10397 | Lair:2   | Found a shimmering altar of Xom.
 10863 | Lair:3   | Noticed a six-headed hydra
 10888 | Lair:3   | Noticed a seven-headed hydra
 10893 | Lair:2   | HP: 90/184 [nine-headed hydra (9)]
 10898 | Lair:2   | HP: 81/184 [12-headed hydra (8)]
 10901 | Lair:2   | HP: 39/184 [14-headed hydra (6)]
 10903 | Lair:2   | HP: 9/184 [15-headed hydra (12)]
 10903 | Lair:2   | HP: 3/184 [15-headed hydra (6)]
 10903 | Lair:2   | Mangled by a 15-headed hydra

Vanquished Creatures
  2 hydras
  A two-headed ogre (D:10)
  A death yak (Lair:2)
  A cyclops (D:11)
  A manticore (D:11)
  3 centaur zombies (D:11)
  3 black mambas
  A gargoyle (D:10)
  6 cane toads
  2 rime drakes (Lair:2)
  3 komodo dragons (Lair:2)
  2 trolls
  2 hornets
  5 blink frogs
  A wraith (D:11)
  14 yaks
  2 wyverns
  7 vampire mosquitoes
  2 steam dragons (D:10)
  3 wargs (D:11)
  2 acid dragons
  7 water moccasins
  3 black bears
  2 ice beasts
  A sky beast (D:6)
  3 orc warriors
  3 wolves
  6 centaurs
  A necrophage (D:6)
  3 ogres
  A phantom (D:6)
  5 kobold brigands
  11 bullfrogs
  A wyvern zombie (D:7)
  A gnoll sergeant (D:8)
  A wyvern skeleton (D:6)
  A water moccasin skeleton (D:6)
  7 wights
  3 killer bees (D:7)
  An electric eel (Lair:1)
  4 howler monkeys
  A crimson imp (D:4)
  A hound (D:5)
  3 orc priests
  A bullfrog skeleton (D:6)
  A gnoll shaman (D:4)
  A centaur skeleton (D:7)
  4 iguanas
  11 orc wizards
  A killer bee zombie (D:8)
  2 hound zombies (D:5)
  19 gnolls
  9 adders
  2 white imps
  An ufetubus (D:6)
  2 adder skeletons (D:4)
  3 worms
  A dart slug (D:1)
  20 orcs
  3 endoplasms
  5 giant cockroaches
  8 goblins
  5 hobgoblins
  8 jackals
  A quokka (D:3)
  7 ball pythons
  7 bats
  3 frilled lizards
  2 goblin skeletons (D:4)
  3 goblin zombies (D:4)
  41 kobolds
  An orc skeleton (D:4)
  An orc zombie (D:4)
  6 rats
313 creatures vanquished.

Vanquished Creatures (others)
  A hobgoblin (D:1)
  2 fungi
  12 plants (Lair:2)
15 creatures vanquished.

Grand Total: 328 creatures vanquished

Table legend: (Time is in decaauts)
 A = Elapsed time spent in this place.
 B = Non-inter-level travel time spent in this place.
 C = Inter-level travel time spent in this place.
 D = Time resting spent in this place.
 E = Time spent auto-exploring this place.
 F = Levels seen in this place.
 G = Mean time per level.
                   A        B        C        D        E       F      G
               +--------+--------+--------+--------+--------+-----+--------+
         Total |  10904 |  10170 |    734 |    994 |   7262 |  15 |  726.9 |
       Dungeon |   8595 |   8101 |    494 |    556 |   5953 |  12 |  716.2 |
          Lair |   2309 |   2069 |    240 |    438 |   1309 |   3 |  769.7 |
               +--------+--------+--------+--------+--------+-----+--------+

Top non-repeatable levels by time:
  Lair:2: 1308 daAuts
    D:11: 1168 daAuts
    D:10: 988 daAuts
  Lair:1: 975 daAuts
     D:4: 974 daAuts
     D:1: 958 daAuts
     D:3: 768 daAuts
     D:6: 748 daAuts
     D:9: 678 daAuts
     D:5: 636 daAuts
     D:7: 604 daAuts
     D:8: 540 daAuts
     D:2: 513 daAuts
  Lair:3: 25 daAuts
    D:12: 16 daAuts
